AoeStats
← GORGORY

Nomad

503704754Analyzed
2v2 RM · 1mo ago on Sep 1, 2026· 26m 58s· 4 players
Game mode
Random Map
Map size
176×176
Population
200
Speed
Normal
Resources
Standard
Victory
Conquest
Starting age
Dark Age
Ending age
Imperial Age
RankedLock teamsTeams togetherTeam positionsShared explorationLock speedFull tech treeHidden civsTurbo modeCheats
Victory
Defeat
🇸🇰 Huns · Slovakia
1017
+13
🇨🇳 Chinese · China
1005
+14
🇦🇷 Maya · Argentina
965
-14
🇦🇷 Ethiopians · Argentina
946
-13
_188_Lara88_Arg_
3:50 Loom
13:39 Feudal Age
18:22 Castle Age
17:41 Double-Bit Axe
18:17 Gold Mining
21:24 Bow Saw
22:06 Fletching
23:46 Padded Archer Armor
25:18 Bodkin Arrow
GORGORY
9:04 Loom
12:25 Feudal Age
12:51 Double-Bit Axe
12:47 Horse Collar
17:15 Wheelbarrow
22:49 Castle Age
21:31 Gold Mining
21:38 Stone Mining
23:37 Town Watch
24:13 Fervor
24:27 Scale Mail Armor
24:38 Forging
猪队友怕不怕
3:57 Loom
15:15 Feudal Age
15:42 Double-Bit Axe
20:14 Castle Age
18:46 Stone Mining
19:25 Fletching
22:12 Wheelbarrow
22:17 Stone Shaft Mining
22:48 Gold Mining
23:11 Bow Saw
25:42 Bodkin Arrow
25:47 Padded Archer Armor
25:37 Horse Collar
FESHI21
2:56 Loom
5:01 Loom
14:08 Feudal Age
16:42 Wheelbarrow
16:13 Double-Bit Axe
20:19 Castle Age
18:25 Horse Collar
18:41 Stone Mining
18:46 Gold Mining
19:30 Fishing Lines
21:44 Husbandry
21:55 Bloodlines
22:01 Gillnets
22:31 Fervor
24:25 Ballistics
24:48 Gold Shaft Mining
24:16 Heavy Plow
Connection lost

Rejoining the realm…

Still unreachable

The connection could not be restored.

Session expired

The server has moved on; the page needs a fresh start.